 Dungeon Crawl Stone Soup version 0.27.0-1-g7a089689b8 (webtiles) character file.

Game seed: 17049234823194184083

32 theswoord the Twirler (level 3, -2/27 HPs)
             Began as a Demonspawn Gladiator on Aug 5, 2021.
             Splashed by a jelly's acid (5 damage)
             ... on level 2 of the Dungeon.
             The game lasted 00:01:10 (1030 turns).

theswoord the Twirler (Demonspawn Gladiator)        Turns: 1030, Time: 00:01:11

Health: -2/27      AC:  1    Str: 20    XL:     3   Next: 10%
Magic:  3/3        EV: 14    Int:  9    God:
Gold:   39         SH:  0    Dex: 15    Spells: 2/2 levels left

rFire    . . .     SeeInvis .   a - +0 quarterstaff
rCold    . . .     Faith    .   (shield currently unavailable)
rNeg     . . .     Spirit   .   b - +0 leather armour
rPois    .         Reflect  .   c - +1 helmet
rElec    .         Harm     .   (no cloak)
rCorr    .         Rampage  .   (no gloves)
Will     .....                  (no boots)
Stlth    +.........             (no amulet)
HPRegen  0.09/turn              k - +6 ring of strength
MPRegen  0.08/turn              (no ring)

@: corroded
A: repulsion field 1
a: no special abilities


You were on level 2 of the Dungeon.
You visited 1 branch of the dungeon, and saw 2 of its levels.

You collected 39 gold pieces.

Inventory:

Hand Weapons
 a - a +0 quarterstaff (weapon)
Missiles
 d - 3 throwing nets (quivered)
Armour
 b - a +0 leather armour (worn)
 c - a +1 helmet (worn)
Jewellery
 k - a +6 ring of strength (left hand)
Potions
 e - a potion of invisibility
 g - 2 potions of lignification {unknown}
 h - a potion of curing {unknown}
 j - a potion of degeneration {unknown}


   Skills:
 - Level 2.0 Fighting
 + Level 3.9 Staves
 - Level 1.7 Throwing
 - Level 2.6 Dodging


You had 2 spell levels left.
You didn't know any spells.
Your spell library was empty.

Dungeon Overview and Level Annotations

Branches:
Dungeon (2/15)

Altars:


Innate Abilities, Weirdness & Mutations

You are surrounded by a mild repulsion field. (EV +2)


Message History

The adder hisses angrily.
An adder is nearby!
You completely miss the adder. The adder barely misses you.
You hit the adder.
The adder is heavily wounded.
The adder barely misses you. The adder closely misses you.
You closely miss the adder.
The adder is heavily wounded.
The adder completely misses you.
You sock the adder!
You kill the adder!
You have reached level 3!
Your experience leads to an increase in your attributes!
Your base attributes are Str 14, Int 9, Dex 14.
Increase (S)trength, (I)ntelligence, or (D)exterity?
You feel agile.
Found 13 stones.
l - a scroll labelled VUPENK MI FOK
Found a leather armour.
A jelly comes into view.
Okay, then.
As you read the scroll labelled ZIOLIPT YNWOIBB, it crumbles to dust.
It is a scroll of identify.
e - a potion of invisibility
As you read the scroll labelled SUDENW ICSAUME, it crumbles to dust.
It is a scroll of enchant armour.
Your +0 helmet glows green for a moment.
The jelly quivers.
As you read the scroll labelled VUPENK MI FOK, it crumbles to dust.
It is a scroll of amnesia.
You feel forgetful for a moment. The jelly hits you. The acid corrodes you!
You are splashed with acid!
You hit the jelly.
Your hands burn!
The jelly is moderately wounded.
The jelly hits you.
* * * LOW HITPOINT WARNING * * *
You are splashed with acid!
* * * LOW HITPOINT WARNING * * *
You hit the jelly.
Your hands burn!
You die...

#..#...##)......#
#......##.......#
....#.#..#.......#
##.##.#..#.......#
## #.#..........#
#.#.#........###
...#.......[..#
#####.##....?..#
#.##@......#
#.##J......#
#.##...(...#
#..#.......# ##
#.......#
#.......#
........#
........#


You could see a jelly.

Vanquished Creatures
  An adder (D:2)
  A dart slug (D:2)
  An endoplasm (D:1)
  A giant cockroach (D:1)
  2 hobgoblins (D:1)
  2 kobolds
  5 ball pythons
  4 bats
  3 frilled lizards
  A goblin (D:2)
  4 rats (D:1)
25 creatures vanquished.

Notes
Turn   | Place    | Note
-------+----------+-------------------------------------------
     0 | D:1      | theswoord the Demonspawn Gladiator began the quest for the
                  | Orb.
     0 | D:1      | Reached XP level 1. HP: 16/16 MP: 1/1
   243 | D:1      | Reached skill level 3 in Staves
   481 | D:1      | Gained mutation: You are surrounded by a mild repulsion
                  | field. (EV +2) [demonic ancestry]
   481 | D:1      | Reached XP level 2. HP: 15/22 MP: 2/2
  1016 | D:2      | Reached XP level 3. HP: 27/27 MP: 3/3
  1030 | D:2      | Splashed by a jelly's acid

Skill      XL: |  1 |
---------------+----+-----
Staves         | 3 |  3.9
Fighting       | |  2.0
Throwing       | |  1.7
Dodging        | |  2.6

Action                   || total
-------------------------++-------
Melee: Quarterstaff      ||    48
  Use: Scroll            ||     4
Armor: Leather armour    ||    12
Dodge: Dodged            ||    35

Levels and vault maps discovered:
D:1:      ncdulo_wetmaze, layout_basic
D:2:      layout_basic, shapermc_ecumenical_altar_mp_vishouse, kennysheep_nub
